Unix NetHack Version 5.0.0-0 post-release - last build May  4 2026 22:22:43 (774f63e81ad911689b3a0859ea89b322d5daca8d,branch:main).

Game began 2026-05-08 23:51:17, ended 2026-05-09 03:42:54.

DeathOnAStick, neutral male human Tourist

                                               --
                                             ...--
                   -------  ----            .....--
                    .....    ...           .......-
                  ---...-    -.--        .........
                ---.....------..|       ......
                #........%.--...---  - ....
                |...)....)..*)....---....|
                ----.......).).....%...-
                  --....%<.h...(..@....|
                  |.........)...))di."--
                  --.---..........."..|
                   --- |..---......|.--
                       |..| ---.|.----
                       ----   -----
DeathOnAStick the Excursionist  St:12 Dx:9 Co:16 In:12 Wi:9 Ch:18  Neutral S:4099
Dlvl:7  $:0  HP:0(58) Pw:25(25) AC:8  Xp:7/781 T:3913 

Latest messages:
 The 1st arrow misses Fido.
 You are hit by the 1st arrow.
 The 2nd arrow misses Fido.
 The 2nd arrow misses you.
 You see here an arrow.
 The gnome lord swings his bow.
 The gnome lord hits!
 You kill the gnome lord!
 Fido eats a gnome lord corpse.
 In what direction? u
 The dart hits the giant spider.
 The hobbit throws a spear!
 You are hit by a spear.
 In what direction? u
 The dart hits the giant spider.
 In what direction? u
 The dart hits the giant spider.
 In what direction? n
 The dart hits the giant spider.
 The giant spider bites!
 The giant spider's bite was poisoned!
 In what direction? n
 The dart hits the giant spider.
 In what direction? n
 The dart hits the giant spider.
 In what direction? l
 You kill the giant spider!
 The hobbit picks up an arrow.
 Fido picks up a bow.
 The hobbit shoots a rock!
 The rock misses Fido.
 You are hit by a rock.
 You see here 2 +2 darts.
 The hobbit picks up a violet gem.
 b - 2 +2 darts (at the ready) (10 in total).
 You see here a +2 dart.
 The homunculus bites!
 You are put to sleep by the homunculus!
 The hobbit picks up a crossbow.
 The homunculus bites!
 The homunculus bites!
 The hobbit shoots a violet gem!
 A violet gem misses you.
 The homunculus bites!
 You die...
 Do you want your possessions identified? [ynq] (y) y
 Do you want to see your attributes? [ynq] (y) y
 Do you want an account of creatures vanquished? [ynaq] (y) y
 Do you want to see your conduct and achievements? [ynq] (y) y
 Do you want to see the dungeon overview? [ynq] (y) y

Inventory:
 Weapons  (')')
  b - 10 +2 darts (at the ready)
  a - 2 +0 daggers (wielded)
 Armor    ('[')
  o - an uncursed +0 orcish helm (being worn)
  u - a cursed -1 pair of iron shoes (being worn)
 Comestibles  ('%')
  e - 4 uncursed randomfruits
  D - an uncursed carrot
  d - 5 uncursed food rations
  n - an uncursed fortune cookie
  c - 2 uncursed tripe rations
  T - an uncursed tin of stir fried fox meat
 Potions  ('!')
  p - 2 uncursed potions of extra healing
 Wands    ('/')
  C - a wand of digging (0:6)
  g - a wand of light (0:14)
  X - a wand of nothing (0:4)
  A - a wand of secret door detection (0:14)
  Y - a wand of slow monster (0:4)
 Tools    ('(')
  f - an uncursed sack containing 14 items
  s - an uncursed blindfold
  v - an expensive camera (1:47)
  J - an uncursed oil lamp
  x - an uncursed skeleton key
 Gems/Stones  ('*')
  t - an uncursed worthless piece of red glass

Contents of the sack:
  662 gold pieces
  a cursed -1 pair of levitation boots
  6 uncursed potions of healing
  a cursed potion of healing
  2 uncursed potions of water
  a cursed ring of hunger
  an uncursed lock pick
  2 uncursed amethyst stones
  an uncursed jet stone
  an uncursed opal
  2 uncursed worthless pieces of black glass
  2 uncursed worthless pieces of orange glass
  an uncursed worthless piece of violet glass
  an uncursed worthless piece of yellow glass

DeathOnAStick the Tourist's attributes:

Background:
 You were an Excursionist, a level 7 male human Tourist.
 You were neutral, on a mission for The Lady
 who was opposed by Blind Io (lawful) and Offler (chaotic).
 You were right-handed.
 You were in the Gnomish Mines, on level 7.
 You entered the dungeon 3913 turns ago.
 It was nighttime.
 You had 781 experience points, 499 more were needed to attain level 8.
 Your score was 4099 before end-of-game adjustments.

Basics:
 You had 0 out of 58 hit points.
 You had all 25 energy points (spell power).
 Your armor class was 8.
 Your wallet was empty, but
 you had 662 zorkmids stashed away in your pack.
 Autopickup was off.

Final Characteristics:
 Your strength was 12 (limit:18/100).
 Your dexterity was 9 (limit:18).
 Your constitution was 16 (peak:17, limit:18).
 Your intelligence was 12 (limit:18).
 Your wisdom was 9 (limit:18).
 Your charisma was 18 (limit:18).

Final Status:
 You weren't hungry.
 You were unencumbered.
 You were wielding daggers.
 You were skilled in dagger.

Final Attributes:
 You were piously aligned.
 You were fast.
 You are dead (2nd time!).

Miscellaneous:
 You didn't encounter any bones levels.
 Total elapsed playing time was 56 minutes and 13 seconds.

Major events:
 Turn
    1: DeathOnAStick the neutral male human Tourist entered the dungeon
  714: attained the rank of Sightseer (level 3)
 1393: read a Discworld novel
 1576: entered the Gnomish Mines
 3276: attained the rank of Excursionist (level 6)
 3366: reached Mine Town
 3825: averted death (killed by a human zombie)
 3913: killed by a homunculus, while sleeping

You didn't know any spells.

Skills:
 Fighting Skills
   bare handed combat [Unskilled]
   two weapon combat  [Unskilled]
   riding             [Unskilled]
 Weapon Skills
   dagger             [Skilled]
   knife              [Unskilled]
   axe                [Unskilled]
   pick-axe           [Unskilled]
   short sword        [Unskilled]
   broadsword         [Unskilled]
   long sword         [Unskilled]
   two-handed sword   [Unskilled]
   saber              [Unskilled]
   mace               [Unskilled]
   morning star       [Unskilled]
   flail              [Unskilled]
   hammer             [Unskilled]
   quarterstaff       [Unskilled]
   polearms           [Unskilled]
   spear              [Unskilled]
   trident            [Unskilled]
   lance              [Unskilled]
   bow                [Unskilled]
   sling              [Unskilled]
   crossbow           [Unskilled]
   dart               [Basic]
   shuriken           [Unskilled]
   boomerang          [Unskilled]
   whip               [Unskilled]
   unicorn horn       [Unskilled]
 Spellcasting Skills
   divination spells  [Unskilled]
   enchantment spells [Unskilled]
   escape spells      [Unskilled]

Voluntary challenges:
 Character rerolling was not enabled.
 You never genocided any monsters.
 You never polymorphed an object.
 You never changed form.
 You used no wishes.
Achievements:
 You entered a shop.
 You attained the rank of Sightseer.
 You read from a Discworld novel.
 You entered the Gnomish Mines.
 You attained the rank of Excursionist.
 You entered Minetown.
 You entered a temple.

 The Dungeons of Doom: levels 1 to 6
    Level 1:
    Level 2:
       A potion shop, an altar, a fountain.
    Level 3:
       A scroll shop, an altar to The Lady.
       Stairs down to The Gnomish Mines.
    Level 4:
    Level 5:
       A fountain.
    Level 6:
 The Gnomish Mines: levels 4 to 7
    Level 4:
    Level 5:
    Level 6:
       Many shops, a temple and an altar, some fountains.
    Level 7: <- You were here.
       Final resting place for
          you, killed by a homunculus, while sleeping.


Vanquished creatures:
  a small mimic
  a giant spider
  a plains centaur
  a human zombie
  a rope golem
  a fog cloud
  a shrieker
  7 gnome leaders
  2 gnomish wizards
  6 dwarves
  a giant bat
  3 orc zombies
  2 iguanas
  3 hobbits
  4 manes
  a hobgoblin
  5 giant rats
  a yellow mold
 28 gnomes
  a gnome zombie
  5 geckos
  2 jackals
  3 goblins
  2 sewer rats
  3 grid bugs
  2 lichens
  2 kobold zombies
  5 newts
95 creatures vanquished.

No species were genocided or became extinct.

Game over:
                       ----------
                      /          \
                     /    REST    \
                    /      IN      \
                   /     PEACE      \
                  /                  \
                  |  DeathOnAStick   |
                  |      662 Au      |
                  |   killed by a    |
                  |    homunculus    |
                  |                  |
                  |                  |
                  |       2026       |
                 *|     *  *  *      | *
        _________)/\\_//(\/(/\)/\//\/|_)_______

Aloha DeathOnAStick the Tourist...

You died in The Gnomish Mines on dungeon level 7 with 4042 points,
and 662 pieces of gold, after 3913 moves.
You were level 7 with a maximum of 58 hit points when you died.

